 Dungeon Crawl Stone Soup version 0.32-a0-675-gdc239d62e1 (webtiles) character file.

Game seed: 7342488346469110082

13248 ezpacito the Chopper (level 12, -1/91 HPs)
             Began as a Coglin Chaos Knight on Mar 12, 2024.
             Was a Plaything of Xom.
             Slain by a seven-headed hydra (8 damage)
             ... on level 1 of the Lair of Beasts.
             The game lasted 00:24:03 (11924 turns).

ezpacito the Chopper (Coglin Chaos Knight)         Turns: 11924, Time: 00:24:03

Health: -1/91      AC: 17    Str: 15 (16) XL:     12   Next: 4%
Magic:  11/19      EV:  8    Int: 14 (16) God:    Xom [.*....]
Gold:   115        SH:  0    Dex:  9 (13) Spells: 1/18 levels left

rFire   + . .        a - +1 hand axe (chaos) {Kaori}
rCold   + + +        p - +4 trident (drain) {Conrad}
rNeg    . . .        A - +1 chain mail "Faixocwi" {rC+ Will+}
rPois   .            (helmet restricted)
rElec   .            i - scarf {rC+ rF+}
rCorr   .            r - +1 Delatra's gloves {ID++}
SInv    .            y - +2 pair of boots
Will    +....        (amulet unavailable) Stlth
                     (ring unavailable)
HPRegen 0.35/turn    (ring unavailable)
MPRegen 0.16/turn    (no gizmo)

%: no passive effects
@: about to teleport
A: off-hand wielding, slow wielding, warmup strikes, no jewellery, fangs 1,
horns 2, clever 1, cold resistance 1, deterioration 1, high MP 1, teleportitis
1, wild magic 1, MP-powered wands
a: Invent Gizmo, Renounce Religion


You were on level 1 of the Lair of Beasts.
You worshipped Xom.
You were a plaything of Xom.
You visited 2 branches of the dungeon, and saw 11 of its levels.
You also visited: Sewer and Bailey.

You collected 890 gold pieces.
You spent 775 gold pieces at shops.

Inventory:

Hand Weapons
 a - a +1 hand axe of chaos (weapon) {Kaori}
 c - a +0 antimagic hand cannon
 o - a +3 spear of flaming
 p - a +4 trident of draining (offhand) {Conrad}
 u - a +0 mace of chaos
 F - a +1 scimitar of flaming
Missiles
 e - 18 poisoned darts (quivered)
 w - 9 silver javelins
 E - 17 boomerangs
 H - a curare-tipped dart
 J - 2 throwing nets
Armour
 i - a scarf of resistance (worn)
 r - the +1 Delatra's gloves (worn) {ID++}
   (You found it on level 4 of the Dungeon)

   ID++:      It heals its wearer when they drink unknown potions, and restores
   their MP when they read unknown scrolls.
 y - a +2 pair of boots (worn)
 A - the +1 chain mail "Faixocwi" (worn) {rC+ Will+}
   (You found it on level 7 of the Dungeon)

   rC+:       It protects you from cold.
   Will+:     It increases your willpower.
Talismans
 x - a serpent talisman
Wands
 k - a wand of polymorph (15)
 n - a wand of charming (1)
 s - a wand of warping (18)
Scrolls
 b - 2 scrolls of fog
 j - a scroll of vulnerability
 m - 2 scrolls of amnesia
 t - 3 scrolls of teleportation
Potions
 D - 2 potions of brilliance


   Skills:
 * Level 7.6 Fighting
 * Level 7.7(9.0) Axes
 + Level 4.1(6.2) Maces & Flails
 + Level 4.6(6.5) Polearms
 + Level 1.4 Ranged Weapons
 * Level 6.8 Armour
 * Level 6.3 Dodging
 + Level 4.4 Stealth
 + Level 3.0 Unarmed Combat
 + Level 3.7 Spellcasting
 + Level 1.0 Conjurations
 + Level 2.8 Necromancy
 + Level 1.0 Air Magic
 + Level 4.5 Alchemy
 + Level 5.3 Evocations


You had one spell level left.
You knew the following spells:

 Your Spells              Type           Power      Damage    Failure   Level
a - Sting                 Conj/Alch      52%        1d6       65%         1
b - Mercury Vapours       Alch/Air       26%        N/A       78%         2
c - Olgreb's Toxic Radia  Alch           19%        N/A       99%         4
d - Cigotuvi's Dreadful   Necr/Alch/Air  26%        N/A       78%         2
e - Ignite Poison         Fire/Alch      11%        N/A       100%        4
f - Petrify               Alch/Erth      11%        N/A       100%        4

Your spell library contained the following spells:

 Spells                   Type           Power      Damage    Failure   Level
 Magic Dart               Conj           28%        1d4       86%         1
 Sublimation of Blood     Necr           13%        N/A       78%         2
 Searing Ray              Conj           14%        2d5       95%         2
 Static Discharge         Conj/Air       14%        3-4/arc   95%         2
 Scorch                   Fire           6%         2d5       98%         2
 Hailstorm                Conj/Ice       5%         3d5       99%         3
 Stone Arrow              Conj/Erth      10%        3d7       99%         3
 Summon Ice Beast         Ice/Summ       3%         N/A       100%        3
 Airstrike                Air            3%         2d(1-17)  100%        4
 Animate Armour           Summ/Erth      6%         N/A       100%        4
 Fulminant Prism          Conj/Alch      6%         3d7       100%        4
 Summon Lightning Spire   Summ/Air       5%         N/A       100%        4
 Fireball                 Conj/Fire      2%         3d4       100%        5
 Freezing Cloud           Conj/Ice/Air   2%         6-21      100%        5
 Irradiate                Conj/Alch      6%         3d13      100%        5
 Sculpt Simulacrum        Ice/Alch       5%         N/A       100%        6
 Ozocubu's Refrigeration  Ice            1%         4d7       100%        7
 Discord                  Hex            1%         N/A       100%        8
 Lehudib's Crystal Spear  Conj/Erth      2%         10d2      100%        8
 Fire Storm               Conj/Fire      2%         8d1       100%        9


Dungeon Overview and Level Annotations

Branches:
Dungeon (10/15)            Temple (0/1) D:7            Lair (1/5) D:9
  Sewer (visited)          Bailey (visited)
    Orc: D:9-12

Altars:
Dithmenos
Fedhas
Hepliaklqana
Makhleb
Sif Muna
Trog
Uskayaw
Vehumet
Wu Jian
Xom
Zin
The Shining One

Shops:
D:5 (


Innate Abilities, Weirdness & Mutations

You can wield a second weapon in your off-hand.
It takes a long time for you to wield or remove held weapons.
Your first few attacks do less damage.
You cannot equip rings or amulets.
You have very sharp teeth.
You have a pair of horns on your head.
Your mind is acute. (Int +4, Str/Dex -1)
Your flesh is cold resistant. (rC+)
Your body sometimes deteriorates upon taking damage.
You have an increased reservoir of magic. (+10% MP)
You are occasionally teleported next to monsters.
Your spells are a little harder to cast, but a little more powerful.
You expend magic power (3 MP) to strengthen your wands.


Message History

The swamp dragon tramples you but does no damage.
You take 11 damage, and have 80/91 hp.
You now have 13/19 mp.
Aiming: Charm
Press: ? - help, Shift-Dir - straight line, f/p - swamp dragon
Aim: a swamp dragon (chance to affect: 50%)
You feel a surge of power!
The swamp dragon is charmed.
The seven-headed hydra bites you but does no damage.
The seven-headed hydra closely misses you.
The seven-headed hydra bites you. The seven-headed hydra bites you! x2
The seven-headed hydra barely misses you.
The seven-headed hydra bites you.
You take 26 damage, and have 54/91 hp.
MASSIVE DAMAGE!!
You now have 10/19 mp.
Okay, then.
You enter the shallow water.
Moving in this stuff is going to be slow.
The seven-headed hydra attacks as it pursues you!
The seven-headed hydra bites you.
The seven-headed hydra bites you but does no damage. x4
The seven-headed hydra bites you. The seven-headed hydra bites you!
You take 14 damage, and have 40/91 hp.
The seven-headed hydra attacks as it pursues you!
The seven-headed hydra bites you but does no damage.
The seven-headed hydra bites you!
The seven-headed hydra barely misses you. x3
The seven-headed hydra bites you but does no damage.
The seven-headed hydra bites you!
* * * LOW HITPOINT WARNING * * *
The seven-headed hydra bites you.
* * * LOW HITPOINT WARNING * * *
The seven-headed hydra bites you.
* * * LOW HITPOINT WARNING * * *
The seven-headed hydra bites you but does no damage. x5
You take 28 damage, and have 12/91 hp.
MASSIVE DAMAGE!!
As you read the scroll of teleportation, it crumbles to dust.
You feel strangely unstable.
The seven-headed hydra bites you but does no damage.
The seven-headed hydra bites you.
* * * LOW HITPOINT WARNING * * *
The seven-headed hydra bites you!
You die...

.##..### #
#......###.#
#....~......
##...~~...~.P
#...~P~...~≈.
#...~~)P..~~~
##..~~..~.~≈~~
#...D~..P≈~≈~.
#...@D~...~≈..# #
##..≈~~~~~~≈..#.#.
#..~≈≈≈≈≈≈≈~.#...
#...~~~≈≈≈~~....~
#.....~~~≈~....~~
#..#..#........~~
...#.P#......)..~
##..........#
#...#.#...##


You could see a seven-headed hydra and a friendly swamp dragon (charmed).

Vanquished Creatures
  Harold (D:9)
  Erica (D:9)
  A swamp dragon (Lair:1)
  An orc knight (Bailey)
  Jeremiah (D:6)
  2 cane toads (Lair:1)
  3 komodo dragons (Lair:1)
  Prince Ribbit (D:8)
  A hornet (D:10)
  Sigmund (D:2)
  5 yaks
  3 basilisks (Lair:1)
  A wraith (D:9)
  2 vampire mosquitoes
  An acid dragon (D:10)
  2 water moccasins (Lair:1)
  Pargi (Sewer)
  A sky beast (D:6)
  2 ice beasts (D:6)
  8 orc warriors
  2 ogres
  3 black bears
  12 wolves (Lair:1)
  5 centaurs
  2 kobold brigands
  A brain worm (Sewer)
  2 bullfrogs
  2 gnoll sergeants (D:7)
  A scorpion (D:5)
  4 wights (D:8)
  22 killer bees (D:9)
  A killer bee (shapeshifter) (D:4)
  3 howler monkeys (D:10)
  6 hounds
  Crazy Yiuf (D:2)
  A bombardier beetle (D:4)
  5 orc priests
  2 jellies
  A sleepcap (D:6)
  Jessica (D:2)
  6 iguanas
  6 orc wizards
  Natasha (D:2)
  9 gnolls
  A river rat (D:6)
  11 adders
  3 shadow imps
  A white imp (D:7)
  4 ufetubi
  3 dart slugs
  3 ribbon worms
  41 orcs
  8 ball pythons
  3 endoplasms
  7 giant cockroaches
  6 goblins
  5 hobgoblins
  2 jackals (D:1)
  6 quokkas
  3 training dummies (D:5)
  7 bats
  5 frilled lizards
  14 kobolds
  7 rats
278 creatures vanquished.

Vanquished Creatures (collateral kills)
  A steam dragon (D:8)
  6 yaks
  2 bullfrogs (Lair:1)
  A jelly (D:7)
10 creatures vanquished.

Grand Total: 288 creatures vanquished

Notes
Turn   | Place    | Note
-------+----------+-------------------------------------------
     0 | D:1      | ezpacito the Coglin Chaos Knight began the quest for the
                  | Orb.
     0 | D:1      | Reached XP level 1. HP: 18/18 MP: 1/1
    31 | D:1      | XOM: divination: magic mapping
    34 | D:1      | Reached skill level 1 in Dodging
   212 | D:1      | Reached XP level 2. HP: 17/24 MP: 2/2
   262 | D:1      | XOM: divination: detect items
   283 | D:1      | XOM: silly message
   411 | D:1      | Reached XP level 3. HP: 23/29 MP: 3/3
   433 | D:1      | XOM: noise
   867 | D:2      | Noticed Jessica
   867 | D:2      | XOM: 3-stop teleportation journey
   874 | D:2      | Killed Jessica
   875 | D:2      | Reached XP level 4. HP: 17/35 MP: 4/4
  1155 | D:2      | Reached skill level 1 in Polearms
  1338 | D:2      | Noticed Sigmund
  1347 | D:2      | Killed Sigmund
  1348 | D:2      | Reached skill level 1 in Stealth
  1348 | D:2      | Reached skill level 1 in Spellcasting
  1348 | D:2      | Reached XP level 5. HP: 39/42 MP: 6/6
  1348 | D:2      | Reached XP level 6. HP: 45/48 MP: 7/7
  1392 | D:2      | Noticed Natasha
  1404 | D:2      | Killed Natasha
  1459 | D:2      | Found a shimmering blue altar of Sif Muna.
  1710 | D:2      | Found a runed translucent door.
  1711 | D:2      | Noticed Crazy Yiuf
  1724 | D:2      | XOM: butterfly on damage
  1726 | D:2      | Killed Crazy Yiuf
  2202 | D:3      | Found a shadowy altar of Dithmenos.
  2683 | D:4      | Found the +1 Delatra's gloves {ID++}
  2693 | D:4      | Reached XP level 7. HP: 54/54 MP: 9/9
  2722 | D:4      | XOM: draining
  2723 | D:4      | XOM: cleaving
  2883 | D:3      | XOM: give mutations
  2883 | D:3      | Gained mutation: Your spells are a little harder to cast,
                  | but a little more powerful. [Xom's grace]
  2883 | D:3      | Gained mutation: Your mind is acute. (Int +4, Str/Dex -1)
                  | [Xom's grace]
  3136 | D:4      | a jelly changed into a shapeshifter
  3136 | D:4      | Noticed a shapeshifter (shapeshifter)
  3136 | D:4      | XOM: polymorph jelly -> shapeshifter
  3136 | D:4      | a shapeshifter changed into a hound
  3144 | D:4      | Reached skill level 1 in Maces & Flails
  3296 | D:4      | Found a burning altar of Makhleb.
  3300 | D:4      | XOM: scenery: create altars
  3368 | D:5      | Entered Level 5 of the Dungeon
  3373 | D:5      | Found a hazy altar of Hepliaklqana.
  3385 | D:5      | Learned a level 1 spell: Sting
  3388 | D:5      | Learned a level 2 spell: Mercury Vapours
  3393 | D:5      | Learned a level 4 spell: Olgreb's Toxic Radiance
  3427 | D:5      | XOM: god gift: 3 silver javelins
  3535 | D:5      | Reached XP level 8. HP: 46/61 MP: 10/10
  3713 | D:5      | Reached skill level 1 in Evocations
  3871 | D:5      | Reached skill level 1 in Alchemy
  3962 | D:5      | Found Wig Nutte's Firing Range.
  4165 | D:5      | Reached skill level 5 in Axes
  4265 | D:6      | Learned a level 2 spell: Cigotuvi's Dreadful Rot
  4305 | D:6      | Found a shimmering altar of Xom.
  4310 | D:6      | Reached skill level 5 in Fighting
  4460 | D:6      | Found a glowing drain.
  4464 | Sewer    | Entered a sewer
  4467 | Sewer    | XOM: potion effect (might)
  4470 | Sewer    | XOM: divination: detect creatures
  4540 | Sewer    | XOM: god gift: dented brass amulet {god gift}
  4549 | Sewer    | Noticed Pargi
  4556 | Sewer    | Killed Pargi
  4761 | D:6      | XOM: give mutations
  4761 | D:6      | Gained mutation: You have a pair of small horns on your
                  | head. [Xom's grace]
  4761 | D:6      | Gained mutation: You have a pair of horns on your head.
                  | [Xom's grace]
  4761 | D:6      | Gained mutation: You expend magic power (3 MP) to
                  | strengthen your wands. [Xom's grace]
  4796 | D:6      | Noticed Jeremiah
  4796 | D:6      | XOM: 1-stop teleportation journey
  4800 | D:6      | XOM: 1-stop teleportation journey
  4833 | D:6      | Reached XP level 9. HP: 41/68 MP: 12/12
  4931 | D:6      | Found an ornate altar of the Wu Jian Council.
  5119 | D:6      | Found a blossoming altar of Fedhas.
  5152 | D:6      | Killed Jeremiah
  5153 | D:6      | Reached skill level 1 in Necromancy
  5333 | D:6      | XOM: confusion (+ monsters)
  5346 | D:6      | XOM: polymorph black bear -> black bear
  5555 | D:6      | XOM: divination: magic mapping
  5590 | D:6      | Learned a level 4 spell: Ignite Poison
  5647 | D:7      | XOM: silly message
  5698 | D:7      | Found a glowing golden altar of the Shining One.
  5726 | D:7      | XOM: god gift: 21 gold pieces
  5759 | D:7      | Found a staircase to the Ecumenical Temple.
  5846 | D:7      | Found a flagged portal.
  5880 | D:7      | XOM: give mutations
  5880 | D:7      | Gained mutation: You have a pair of large horns on your
                  | head. [Xom's grace]
  5880 | D:7      | Gained mutation: You have very sharp teeth. [Xom's grace]
  5880 | D:7      | Gained mutation: You are covered in fur. (AC +1) [Xom's
                  | grace]
  5908 | D:7      | XOM: cast spell 'Summon Dragon'
  5912 | D:7      | Reached skill level 5 in Armour
  5915 | D:7      | Reached XP level 10. HP: 53/76 MP: 12/14
  5916 | D:7      | Reached skill level 1 in Unarmed Combat
  5955 | Bailey   | Entered a bailey
  6238 | Bailey   | Identified the +8 tower shield of Sin {*Corrode rElec rC++}
  6238 | Bailey   | Noticed an orc knight
  6376 | Bailey   | Killed an orc knight
  6377 | Bailey   | Reached skill level 5 in Dodging
  6916 | D:7      | XOM: give mutation
  6916 | D:7      | Gained mutation: Your muscles are strong. (Str +4, Int/Dex
                  | -1) [Xom's grace]
  6939 | D:7      | Identified the +1 chain mail "Faixocwi" {rC+ Will+}
  7137 | D:7      | XOM: divination: detect creatures
  7341 | D:8      | Found a bloodstained altar of Trog.
  7364 | D:8      | XOM: summons 4 friendly demons
  7384 | D:8      | Found a hide-covered altar of Uskayaw.
  7499 | D:8      | XOM: 1-stop teleportation journey
  7502 | D:8      | Found a radiant altar of Vehumet.
  7820 | D:8      | Noticed Prince Ribbit
  7823 | D:8      | Killed Prince Ribbit
  7957 | D:8      | Found a glowing silver altar of Zin.
  7983 | D:8      | XOM: god gift: book of the Tundra
  8251 | D:9      | XOM: cleaving
  8257 | D:9      | Lost mutation: You are covered in fur. (AC +1) [potion of
                  | mutation]
  8257 | D:9      | Lost mutation: Your muscles are strong. (Str +4, Int/Dex
                  | -1) [potion of mutation]
  8257 | D:9      | Gained mutation: Your flesh is cold resistant. (rC+)
                  | [potion of mutation]
  8328 | D:9      | XOM: summons 10 friendly demons
  8440 | D:9      | Noticed Erica
  8446 | D:9      | XOM: summons 4 friendly demons
  8449 | D:9      | Killed Erica
  8450 | D:9      | Reached XP level 11. HP: 53/83 MP: 14/16
  8555 | D:9      | XOM: god gift: wand of acid (5)
  8679 | D:9      | XOM: god gift: runed mace {god gift}
  8717 | D:9      | XOM: divination: magic mapping
  9036 | D:9      | XOM: fog
  9043 | D:9      | XOM: give mutation
  9043 | D:9      | Gained mutation: You have an increased reservoir of magic.
                  | (+10% MP) [Xom's grace]
  9069 | D:9      | Found a staircase to the Lair.
  9469 | D:9      | Noticed Harold
  9471 | D:9      | XOM: cleaving
  9476 | D:9      | Killed Harold
  9614 | D:9      | XOM: 8-stop teleportation journey
  9712 | D:10     | Entered Level 10 of the Dungeon
  9785 | D:10     | Got the Precepts of Stony Fire
  9860 | D:10     | XOM: cloud trail
  9900 | D:10     | XOM: 1-stop teleportation journey
  9930 | D:10     | XOM: god gift: 24 gold pieces
  9958 | D:10     | XOM: divination: detect items
  9964 | D:10     | XOM: scenery: summon butterflies
 10004 | D:10     | XOM: potion effect (brilliance)
 10317 | D:10     | XOM: 6-stop teleportation journey
 10453 | D:10     | XOM: scenery: 1 doors close
 10561 | D:10     | XOM: cloud trail
 10630 | D:10     | Noticed a skeletal warrior
 10630 | D:10     | Noticed a death knight
 10637 | D:10     | XOM: smoke on damage
 10641 | D:10     | XOM: give mutations
 10641 | D:10     | Lost mutation: You have a pair of large horns on your head.
                  | [Xom's mischief]
 10641 | D:10     | Gained mutation: Your body sometimes deteriorates upon
                  | taking damage. [Xom's mischief]
 10641 | D:10     | Gained mutation: You are occasionally teleported next to
                  | monsters. [Xom's mischief]
 10918 | D:6      | XOM: noise
 10956 | D:5      | Bought 3 silver javelins for 297 gold pieces
 10956 | D:5      | Bought 3 silver javelins for 297 gold pieces
 10956 | D:5      | Bought 2 boomerangs for 44 gold pieces
 10956 | D:5      | Bought a +0 antimagic hand cannon for 137 gold pieces
 10962 | D:5      | Learned a level 4 spell: Petrify
 11092 | Lair:1   | Entered Level 1 of the Lair of Beasts
 11094 | Lair:1   | XOM: polymorph wolf -> quokka
 11188 | Lair:1   | Reached skill level 5 in Evocations
 11238 | Lair:1   | XOM: god gift: 54 gold pieces
 11258 | Lair:1   | XOM: cast spell 'Summon Hydra'
 11416 | Lair:1   | XOM: cloud trail
 11433 | Lair:1   | XOM: scenery: 3 doors open
 11436 | Lair:1   | Reached skill level 1 in Ranged Weapons
 11656 | Lair:1   | XOM: enchant monster (bad)
 11733 | Lair:1   | Noticed a swamp dragon
 11733 | Lair:1   | Noticed a swamp dragon
 11734 | Lair:1   | Noticed a swamp dragon
 11737 | Lair:1   | Noticed a seven-headed hydra
 11738 | Lair:1   | XOM: silly message
 11742 | Lair:1   | Reached skill level 1 in Conjurations
 11784 | Lair:1   | Killed a swamp dragon
 11785 | Lair:1   | Reached skill level 1 in Air Magic
 11785 | Lair:1   | Reached XP level 12. HP: 66/91 MP: 9/19
 11924 | Lair:1   | Slain by a seven-headed hydra

Illustrated notes

Levels and vault maps discovered:
D:1:      dpeg_arrival_orchard, layout_loops_ring, serial_bayou_pond_e,
          grunt_decor_clamped
D:2:      layout_loops_cross, basic_altar, uniq_sigmund,
          uniq_crazy_yiuf_cottage, uniq_jessica, uniq_natasha
D:3:      layout_loops_ring, grunt_dithmenos_smoke_and_mirrors
D:4:      layout_cave_pools, mainiacjoe_overflow_tiny_flanked
D:5:      layout_basic, mainiacjoe_overflow_paths, serial_glass,
          glass_columns_a, glass_columns_a, minmay_misc_feat_roman,
          grunt_ministairs_7, nicolae_shop_firing_range
D:6:      layout_basic, mainiacjoe_overflow_surrounded_room, lemuel_round_altar,
          mainiacjoe_overflow_chevrons, gup_sewer_entry_spiral, uniq_jeremiah
D:7:      layout_basic, mainiacjoe_overflow_catwalk, temple_doors_ab,
          enter_bailey_6
D:8:      layout_basic, bloody_trog, zin_academy,
          nicolae_overflow_hidden_temple, vehumet_crystals, uniq_prince_ribbit1
D:9:      layout_stronghold, lair_entry_dummy, uniq_erica, uniq_harold
D:10:     minmay_sliced_demisemicircle, layout_basic
Lair:1:   layout_chaotic_city, pond, grunt_megastairs_3,
          infiniplex_staircase_pool, lemuel_fruit_tree

Skill      XL: |  1  2  3  4  5  6  7  8  9 10 11 |
---------------+----------------------------------+-----
Dodging        | 1 2 3 4 5 6 |  6.3
Armour         | 2 3 4 5 6 |  6.8
Polearms       | 1 2 3 4 |  4.6
Stealth        | 1 2 3 4 |  4.4
Spellcasting   | 1 2 3 |  3.7
Axes           | 4 5 6 7 |  7.7
Fighting       | 4 5 6 7 |  7.6
Maces & Flails | 1 2 3 4 |  4.1
Evocations     | 2 3 4 5 |  5.3
Alchemy        | 1 2 3 4 |  4.5
Necromancy     | 1 2 |  2.8
Unarmed Combat | 2 3 |  3.0
Ranged Weapons | 1 |  1.4
Conjurations   | 1 |  1.0
Air Magic      | 1 |  1.0

Action                     |  1- 3 |  4- 6 |  7- 9 | 10-12 || total
---------------------------+-------+-------+-------+-------++-------
  Melee: Dagger            |    61 |    38 |       |       ||    99
         Hand axe          |    69 |    84 |   185 |   201 ||   539
         Mace              |       |    44 |   166 |       ||   210
         Headbutt          |       |       |    15 |    49 ||    64
         Trident           |       |       |    35 |   308 ||   343
         Bite              |       |       |     2 |    25 ||    27
  Evoke: Wand              |       |       |     1 |    25 ||    26
    Use: Scroll            |       |       |    17 |    13 ||    30
         Potion            |       |       |     5 |    16 ||    21
   Stab: Sleeping          |     1 |     5 |     5 |       ||    11
         Confused          |       |       |     5 |     4 ||     9
         Paralysed         |       |       |     1 |     3 ||     4
         Petrifying        |       |       |       |     1 ||     1
         Invisible         |       |       |       |     2 ||     2
         Held in net/web   |       |       |       |     1 ||     1
 Armour: Leather armour    |    41 |    47 |   160 |    30 ||   278
         Chain mail        |       |       |       |   372 ||   372
  Dodge: Dodged            |    44 |    47 |   190 |   217 ||   498

Table legend: (Time is in decaauts)
 A = Elapsed time spent in this place.
 B = Non-inter-level travel time spent in this place.
 C = Inter-level travel time spent in this place.
 D = Time resting spent in this place.
 E = Time spent auto-exploring this place.
 F = Levels seen in this place.
 G = Mean time per level.
                   A        B        C        D        E       F      G
               +--------+--------+--------+--------+--------+-----+--------+
         Total |  12019 |  11427 |    592 |    956 |   8230 |  13 |  924.5 |
       Dungeon |  10195 |   9604 |    591 |    448 |   7470 |  10 | 1019.5 |
          Lair |    827 |    827 |      0 |    343 |    302 |   1 |  827.0 |
         Sewer |    267 |    267 |      0 |      0 |    176 |   1 |  267.0 |
        Bailey |    728 |    728 |      0 |    165 |    281 |   1 |  728.0 |
               +--------+--------+--------+--------+--------+-----+--------+

Top non-repeatable levels by time:
     D:9: 1749 daAuts
     D:6: 1203 daAuts
     D:2: 1103 daAuts
     D:8: 1017 daAuts
     D:5: 959 daAuts
     D:7: 944 daAuts
    D:10: 930 daAuts
     D:1: 838 daAuts
  Lair:1: 827 daAuts
     D:3: 753 daAuts
  Bailey: 728 daAuts
     D:4: 694 daAuts
   Sewer: 267 daAuts
